 Dungeon Crawl Stone Soup version 0.16.2-12-gd0ad4c3 (webtiles) character file.

99820 Peloso the Fencer (level 15, -5/138 HPs)
             Began as a Minotaur Fighter on Nov 1, 2015.
             Was the Champion of Okawaru.
             Slain by a death yak (15 damage)
             ... summoned by a shadow trap
             ... triggered by the player character
             ... on level 8 of the Lair of Beasts on Nov 3, 2015.
             The game lasted 02:09:11 (31571 turns).

Peloso the Fencer (Minotaur Fighter)               Turns: 31571, Time: 02:09:12

Health: -5/138     AC: 36    Str: 24    XL:     15   Next: 78%
Magic:  11/11      EV: 10    Int:  8    God:    Okawaru [******]
Gold:   1920       SH:  0    Dex: 18    Spells: 0 memorised, 14 levels left

rFire  . . .     SeeInvis +     L - +4 triple sword (flame)
rCold  + + +     Clarity  .     C - +2 crystal plate armour
rNeg   + + .     SustAb   .     (no shield)
rPois  .         Gourm    +     E - +2 hat
rElec  +         Spirit   .     e - +1 cloak
rCorr  .         Warding  .     Y - +1 pair of gloves {archery}
rMut   .         NoTele   +     W - +1 pair of boots of Qareoje {-Tele +Fly rElec rC+ rN+}
MR     +....                    J - amulet of the gourmand
Stlth  ..........               V - ring of see invisible
                                o - ring "Piapn" {Contam rC++ rN+ Int+3 Dex+5}

@: somewhat resistant to hostile enchantments, extremely unstealthy
A: retaliatory headbutt, horns 2
a: Heroism, Finesse, Renounce Religion, Evoke Flight


You were on level 8 of the Lair of Beasts.
You worshipped Okawaru.
Okawaru was exalted by your worship.
You were full.

You visited 4 branches of the dungeon, and saw 28 of its levels.
You also visited: Ossuary and Ice Cave.

You collected 2923 gold pieces.
You spent 1003 gold pieces at shops.

Inventory:

Hand weapons
 a - the +8 scimitar of Poulif {freeze, rElec}
   (Okawaru gifted it to you on level 13 of the Dungeon)

   It has been specially enchanted to freeze those struck by it, causing extra
   injury to most foes and up to half again as much damage against particularly
   susceptible opponents.
   It can also slow down cold-blooded creatures.
   It insulates you from electricity.
 h - a +2 whip of flaming
 F - the +9 trident "Rimeg" {pierce, rPois rF- Str+5 Int-2 Stlth+}
   (You found it on level 2 of the Lair of Beasts)

   It inflicts extra damage upon your enemies.
   It affects your strength (+5).
   It affects your intelligence (-2).
   It makes you vulnerable to fire.
   It protects you from poison.
   It makes you more stealthy.
 L - a +4 triple sword of flaming (weapon)
Armour
 e - a +1 cloak (worn)
 t - a +1 plate armour of fire resistance
 C - a +2 crystal plate armour (worn)
 E - a +2 hat (worn)
 N - a +0 shield of resistance
 P - a swamp dragon hide
 Q - a +2 buckler of reflection
 W - the +1 pair of boots of Qareoje (worn) {-Tele +Fly rElec rC+ rN+}
   (You bought it in a shop on level 4 of the Orcish Mines)

   It protects you from cold.
   It insulates you from electricity.
   It protects you from negative energy.
   It lets you fly.
   It prevents most forms of teleportation.
 X - the +0 hat of Dyspraxia {+Inv}
   (You acquired it on level 3 of the Lair of Beasts)

   It lets you turn invisible.
 Y - a +1 pair of gloves of archery (worn)
Jewellery
 k - an uncursed ring of fire
 o - the ring "Piapn" (left hand) {Contam rC++ rN+ Int+3 Dex+5}
   (You bought it in a shop on level 1 of the Orcish Mines)

   [ring of positive energy]

   It affects your intelligence (+3).
   It affects your dexterity (+5).
   It greatly protects you from cold.
   It protects you from negative energy.
   It causes magical contamination when unequipped.
 D - an uncursed ring of stealth
 H - an uncursed ring of positive energy
 J - an amulet of the gourmand (around neck)
 S - a +3 ring of strength
 V - a ring of see invisible (right hand)
Magical devices
 A - a wand of teleportation (7)
Scrolls
 g - 2 scrolls of enchant weapon
 i - 5 scrolls of teleportation
 j - 3 scrolls of remove curse
 n - 2 scrolls of fear
 s - a scroll of magic mapping
 x - 2 scrolls of blinking
 y - 4 scrolls of enchant armour
 z - 3 scrolls of recharging
 M - 4 scrolls of fog
 O - 2 scrolls of identify
Potions
 b - a potion of invisibility
 f - 7 potions of heal wounds
 l - 9 potions of curing
 p - 5 potions of restore abilities
 q - 3 potions of flight
 r - 5 potions of haste
 u - a potion of might
 v - 4 potions of brilliance
 w - a potion of berserk rage
 B - 2 potions of resistance
 G - a potion of cure mutation
 R - 2 potions of agility
Comestibles
 c - 20 fruits
 d - 11 bread rations
 I - 3 slices of pizza
 T - a beef jerky
 U - 11 meat rations
 Z - 19 royal jellies


   Skills:
 + Level 14.2 Fighting
 + Level 18.1 Long Blades
 + Level 0.5 Maces & Flails
 + Level 15.6 Armour
 + Level 9.2 Dodging
 + Level 1.9 Stealth
 + Level 15.4 Shields
 + Level 2.3 Invocations


You had 14 spell levels left.
You didn't know any spells.

Dungeon Overview and Level Annotations

Branches:
Dungeon (15/15)            Temple (1/1) D:6            Lair (8/8) D:8
  Swamp (0/5) Lair:3       Spider (0/5) Lair:6          Orc (4/4) D:10
    Elf (0/3) Orc:3        Vaults (0/5) D:14         Depths (0/5) D:15
  Slime: Lair:6-8

Altars:
Ashenzari
Cheibriados
Dithmenos
Elyvilon
Fedhas
Gozag
Kikubaaqudgha
Makhleb
Nemelex Xobeh
Okawaru
Qazlal
Ru
Sif Muna
Trog
Vehumet
Xom
Yredelemnul
Zin
The Shining One
Beogh

Shops:
D:4 *   D:7 *   D:11 =%**!   D:12 %   D:15 (   Orc:1 =   Orc:4 =[*

Annotations:
D:4 Peloso's ghost, experienced MiFi


Innate Abilities, Weirdness & Mutations

You reflexively headbutt those who attack you in melee.
You have a pair of horns on your head.


Message History

Okay, then.
The river rat bites the plant.
The river rat completely misses the plant.
The death yak gores you but does no damage.
Keep disrobing?
The death yak gores you but does no damage.
The seven-headed hydra bites you but does no damage. x3
The seven-headed hydra bites you.
* * * LOW HITPOINT WARNING * * *
The seven-headed hydra bites you!
* * * LOW HITPOINT WARNING * * *
The seven-headed hydra bites you but does no damage.
The seven-headed hydra closely misses you.
The river rat bites you but does no damage.
The river rat bites the plant but does no damage.
You start removing your armour.
You continue taking off the +1 pair of boots of Qareoje {-Tele +Fly rElec rC+ rN+}.
The river rat bites the plant but does no damage. x2
The death yak gores you!
You die...

###########
#rP.##....#
####PP.....PP#
#SY@Drr♣.....♣###
#.Yr♣r.≈.≈.♣♣.#.#
......YY≈≈.≈..≈♣..##
#.#...≈≈...≈≈≈..♣.##
.....♣.≈≈≈..≈≈...≈..#
..♣.♣≈.≈≈≈≈....≈.♣♣#♣#
#. .≈..≈≈.≈..≈≈.≈♣♣.#
. ≈...≈..≈≈.≈≈≈.♣..#
≈≈≈.≈≈..≈...≈...##


You could see 4 death yaks, a seven-headed hydra, an adder and 5 river rats.

Vanquished Creatures
  Saint Roka (Orc:4)
  Kirke (D:14)
  A frost giant (IceCv)
  Maud (D:13)
  Fannar (D:14)
  8 hydras
  2 dancing weapons (D:13)
  4 centaur warriors
  7 death yaks
  4 tengu warriors
  An orc high priest (Orc:4)
  A shock serpent (shapeshifter) (D:15)
  Nergalle (Lair:3)
  8 skeletal warriors
  A deep troll (shapeshifter) (D:15)
  Erolcha (Orc:4)
  3 unseen horrors
  2 swamp dragons (Lair:7)
  An ice statue (IceCv)
  A harpy (D:14)
  Pikel (D:4)
  4 hill giants
  A wizard (D:15)
  2 orc sorcerers (Orc:4)
  7 orc knights
  A griffon (D:13)
  9 ugly things
  3 cyclopes
  6 elephants (Lair:3)
  A manticore (D:13)
  6 black mambas
  5 spiny frogs
  3 gargoyles (D:14)
  A kobold demonologist (D:15)
  7 komodo dragons
  A tengu conjurer (D:13)
  A wolf spider simulacrum (D:14)
  21 polar bears
  2 two-headed ogres
  A fire drake (Lair:7)
  A queen bee (Orc:1)
  9 trolls
  Prince Ribbit (D:8)
  5 slime creatures
  2 boulder beetles
  11 blink frogs
  7 ravens
  A spriggan (Lair:4)
  A wyvern (D:10)
  2 basilisks
  50 yaks
  A wraith (D:15)
  A shadow (D:13)
  A tarantella (Lair:6)
  Grum (Orc:2)
  3 hippogriffs
  4 vampire mosquitoes
  A hungry ghost (D:13)
  A deep elf fighter (D:8)
  2 hogs (D:14)
  A warg (Orc:2)
  A swamp worm (Lair:7)
  Menkaure (D:6)
  A mottled dragon (D:15)
  2 soldier ants (D:13)
  13 water moccasins
  34 wolves
  10 porcupines
  6 sky beasts
  5 black bears
  An eye of draining (D:15)
  5 boggarts (D:10)
  9 ogres
  11 ice beasts
  26 orc warriors
  5 phantoms
  A wasp (D:13)
  A necrophage (D:4)
  17 crocodiles
  Duvessa (D:6)
  9 centaurs
  12 big kobolds
  A brain worm (D:15)
  Blork the orc (D:15)
  18 giant frogs
  4 wights (D:12)
  4 scorpions
  25 killer bees (Orc:1)
  5 electric eels
  4 centaur zombies
  Dowan (D:6)
  6 crimson imps
  4 goliath beetles
  2 giant frog zombies (D:13)
  A jelly (D:12)
  3 giant frog skeletons
  3 centaur skeletons
  15 hounds
  24 orc priests
  A quasit (D:10)
  Natasha (twice) (D:6)
  7 iguanas
  30 orc wizards
  7 worker ants
  8 sheep (Lair:3)
  6 big kobold zombies (Ossuary)
  Terence (D:3)
  7 mummies
  4 gnolls (D:4)
  19 adders
  45 river rats
  A shadow imp (D:8)
  3 giant mites
  3 worms
  2 giant eyeballs (D:13)
  2 adder zombies
  5 giant geckos
  An ooze (D:1)
  133 orcs
  5 giant cockroaches
  9 goblins
  20 hobgoblins
  26 kobolds
  11 quokkas
  11 bats
  2 giant newts
  A giant spore (D:12)
  3 hobgoblin zombies (Ossuary)
  A jackal skeleton (D:5)
  12 rats
  A spectral orc (Lair:3)
  3 ballistomycetes
  A butterfly (Lair:2)
  A fungus (Lair:7)
925 creatures vanquished.

Vanquished Creatures (others)
  A wizard (D:14)
  A human (D:14)
  A yak (Lair:6)
  2 slaves (D:4)
  2 bats (D:4)
  2 giant spores
  4 fungi
  8 plants
21 creatures vanquished.

Grand Total: 946 creatures vanquished

Notes
Turn   | Place    | Note
--------------------------------------------------------------
     0 | D:1      | Peloso, the Minotaur Fighter, began the quest for the Orb.
     0 | D:1      | Reached XP level 1. HP: 19/19 MP: 1/1
   171 | D:1      | Reached skill level 4 in Armour
   388 | D:1      | Reached XP level 2. HP: 21/27 MP: 1/1
  1030 | D:2      | Reached XP level 3. HP: 25/33 MP: 2/2
  1621 | D:3      | Reached skill level 1 in Dodging
  1702 | D:3      | Reached XP level 4. HP: 40/40 MP: 2/2
  1854 | D:3      | Noticed Terence
  1865 | D:3      | Killed Terence
  2198 | D:3      | Reached skill level 5 in Armour
  2429 | D:4      | Noticed Peloso's ghost (experienced MiFi)
  2615 | D:4      | Reached XP level 5. HP: 43/46 MP: 2/2
  3722 | D:4      | Noticed a slave
  3723 | D:4      | Noticed a slave
  3723 | D:4      | Noticed a slave
  3725 | D:4      | Noticed Pikel
  3727 | D:4      | Noticed a slave
  3742 | D:4      | Killed Pikel
  3742 | D:4      | Reached skill level 5 in Fighting
  3742 | D:4      | Reached skill level 6 in Armour
  3742 | D:4      | Reached skill level 5 in Shields
  3742 | D:4      | Reached XP level 6. HP: 40/56 MP: 3/3
  3742 | D:4      | Reached XP level 7. HP: 43/61 MP: 3/3
  3767 | D:4      | Noticed a necrophage
  3780 | D:4      | Killed a necrophage
  3780 | D:4      | Reached skill level 7 in Armour
  4013 | D:4      | Found Pehixum's General Store.
  4251 | D:4      | Reached skill level 5 in Long Blades
  4439 | D:4      | Found a white marble altar of Elyvilon.
  4441 | D:4      | Found a shimmering altar of Xom.
  4736 | D:4      | Killed a freed slave
  4765 | D:4      | Killed a freed slave
  5632 | D:5      | Entered Level 5 of the Dungeon
  5665 | D:5      | Reached XP level 8. HP: 62/68 MP: 3/3
  5861 | D:5      | Reached skill level 8 in Armour
  6033 | D:5      | Found a sand-covered staircase.
  6042 | Ossuary  | Entered an ossuary
  6477 | D:5      | Found a stormy altar of Qazlal.
  7184 | D:6      | Got a warped whip
  7232 | D:6      | Noticed Natasha
  7238 | D:6      | Killed Natasha
  7422 | D:6      | Noticed Natasha
  7423 | D:6      | Killed Natasha
  7774 | D:6      | Noticed Duvessa
  7777 | D:6      | Noticed Dowan
  7800 | D:6      | Killed Duvessa
  7804 | D:6      | Killed Dowan
  7817 | D:6      | Noticed Menkaure
  7819 | D:6      | Found a staircase to the Ecumenical Temple.
  7824 | D:6      | Killed Menkaure
  7824 | D:6      | Reached XP level 9. HP: 60/78 MP: 4/4
  7841 | Temple   | Entered the Ecumenical Temple
  7861 | Temple   | Became a worshipper of Warmaster Okawaru
  8064 | D:7      | Found Kan Rij's General Store.
  8954 | D:7      | Found a shattered altar of Ashenzari.
  9095 | D:8      | Reached skill level 9 in Armour
  9243 | D:8      | Noticed Prince Ribbit
  9248 | D:8      | Killed Prince Ribbit
  9248 | D:8      | Reached skill level 1 in Stealth
  9255 | D:8      | Acquired Okawaru's first power
  9349 | D:8      | Found a staircase to the Lair.
  9465 | D:8      | Found a deep blue altar of Sif Muna.
 10102 | D:9      | Reached XP level 10. HP: 24/88 MP: 4/4
 10792 | D:9      | Reached skill level 5 in Dodging
 10804 | D:10     | Entered Level 10 of the Dungeon
 10805 | D:10     | Found a staircase to the Orcish Mines.
 10834 | D:9      | Identified a scroll of acquirement
 10991 | D:9      | Reached skill level 10 in Armour
 11423 | D:10     | Noticed a hill giant
 11428 | D:10     | Killed a hill giant
 11428 | D:10     | Reached skill level 10 in Long Blades
 11436 | D:10     | Reached skill level 10 in Shields
 11975 | D:11     | Found Sausuor's Food Shoppe.
 11982 | D:11     | Found Migig's General Store.
 12042 | D:11     | Found Bahuwawa's Distillery.
 12115 | D:11     | Found Wokkish's Jewellery Shoppe.
 12122 | D:11     | Bought an uncursed ring of see invisible for 180 gold pieces
 12142 | D:11     | Found Zimentis' General Store.
 12318 | D:12     | Reached skill level 11 in Armour
 12318 | D:12     | Reached XP level 11. HP: 87/95 MP: 4/4
 13164 | D:12     | Found Jahoaqum's Food Boutique.
 13393 | D:13     | Noticed a tengu warrior
 13393 | D:13     | Noticed a hill giant
 13401 | D:13     | Killed a hill giant
 13401 | D:13     | Acquired Okawaru's second power
 13420 | D:13     | Killed a tengu warrior
 13888 | D:13     | Received a gift from Okawaru
 13891 | D:13     | Got a warped scimitar {god gift}
 13892 | D:13     | Identified the +8 scimitar of Poulif {freeze, rElec} (Okawaru gifted it to you on level 13 of the Dungeon)
 13896 | D:13     | Noticed a centaur warrior
 13901 | D:13     | Killed a centaur warrior
 13977 | D:13     | Noticed a skeletal warrior
 13977 | D:13     | Noticed a skeletal warrior
 13989 | D:13     | Noticed a skeletal warrior
 13991 | D:13     | Killed a skeletal warrior
 13991 | D:13     | Reached skill level 12 in Armour
 14003 | D:13     | Killed a skeletal warrior
 14020 | D:13     | Killed a skeletal warrior
 14298 | D:13     | Paralysed by a giant eyeball for 3 turns
 14306 | D:13     | Reached XP level 12. HP: 96/106 MP: 2/5
 14306 | D:13     | Paralysed by a giant eyeball for 4 turns
 14326 | D:13     | Paralysed by a giant eyeball for 2 turns
 14339 | D:13     | Paralysed by a giant eyeball for 3 turns
 14361 | D:13     | Noticed a hill giant
 14365 | D:13     | Killed a hill giant
 14365 | D:13     | Received a gift from Okawaru
 14368 | D:13     | Got a steaming scale mail {god gift}
 14431 | D:13     | Noticed a centaur warrior
 14438 | D:13     | Killed a centaur warrior
 14438 | D:13     | Reached skill level 10 in Fighting
 14756 | D:10     | Noticed an unseen horror
 14760 | D:10     | Killed an unseen horror
 14969 | Temple   | Identified the +7 scale mail of Okawaru's Vengeance {rPois} (Okawaru gifted it to you on level 13 of the Dungeon)
 15373 | D:14     | Noticed Maud
 15373 | D:14     | Noticed Fannar
 15424 | D:13     | Killed Maud
 15503 | D:14     | Killed Fannar
 15758 | D:14     | Reached skill level 13 in Long Blades
 15834 | D:14     | Found a gate to the Vaults.
 15864 | D:14     | Noticed a seven-headed hydra
 15882 | D:14     | Killed a seven-headed hydra
 15882 | D:14     | Reached skill level 1 in Invocations
 16191 | D:14     | Reached XP level 13. HP: 102/114 MP: 7/7
 16328 | D:14     | Found a basalt altar of Yredelemnul.
 16455 | D:14     | Noticed Kirke
 16465 | D:14     | Received a gift from Okawaru
 16484 | D:14     | Killed Kirke
 17024 | D:15     | Entered Level 15 of the Dungeon
 17048 | D:15     | Noticed Blork the orc
 17091 | D:15     | Reached skill level 14 in Long Blades
 17128 | D:15     | Found a staircase to the Depths.
 17683 | D:15     | Found Bruarieb's Antique Weapon Shop.
 18455 | D:15     | Found a deep blue altar of Sif Muna.
 18457 | D:15     | Killed Blork the orc
 18698 | Orc:1    | Entered Level 1 of the Orcish Mines
 18779 | Orc:1    | Found Stresh's Jewellery Boutique.
 18802 | Orc:1    | Reached skill level 15 in Long Blades
 18833 | Orc:1    | Reached XP level 14. HP: 60/125 MP: 8/8
 18862 | Orc:1    | Received a gift from Okawaru
 19758 | Orc:2    | Found a burning altar of Makhleb.
 19758 | Orc:2    | Noticed Grum
 19783 | Orc:2    | Killed Grum
 20640 | Orc:3    | Found a staircase to the Elven Halls.
 20749 | Orc:4    | Entered Level 4 of the Orcish Mines
 20960 | Orc:4    | Found a roughly hewn altar of Beogh.
 20960 | Orc:4    | Noticed Saint Roka
 21904 | Orc:4    | Killed Saint Roka
 22084 | Orc:4    | Found Schotimn's General Store.
 22110 | Orc:4    | Noticed Erolcha
 22121 | Orc:4    | Killed Erolcha
 22264 | Orc:4    | Received a gift from Okawaru
 22270 | Orc:4    | Got an ichor-stained falchion {god gift}
 22274 | Orc:4    | Identified the +0 falchion of Gradafun {vamp, rC+ MR+} (Okawaru gifted it to you on level 4 of the Orcish Mines)
 22346 | Orc:4    | Found Obanarai's Antique Weapon Emporium.
 22376 | Orc:4    | Found Bluel's Jewellery Emporium.
 22392 | Orc:4    | Found Quzaor's Antique Armour Emporium.
 22398 | Orc:4    | Bought a pair of smoking boots for 266 gold pieces
 22408 | Orc:4    | Identified the +1 pair of boots of Qareoje {-Tele +Fly rElec rC+ rN+} (You bought it in a shop on level 4 of the Orcish Mines)
 23147 | Orc:1    | Bought the ring "Piapn" {Contam rC++ rN+ Int+3 Dex+5} for 557 gold pieces
 23291 | Lair:1   | Entered Level 1 of the Lair of Beasts
 23958 | Lair:1   | Reached skill level 16 in Long Blades
 24340 | Lair:2   | Found a frozen archway.
 24382 | IceCv    | Entered an ice cave
 24747 | IceCv    | Received a gift from Okawaru
 24825 | IceCv    | Noticed a frost giant
 24829 | IceCv    | Reached skill level 15 in Shields
 24845 | IceCv    | Killed a frost giant
 25377 | Lair:2   | Reached XP level 15. HP: 93/135 MP: 11/11
 26104 | Lair:2   | Got a brightly glowing trident
 26108 | Lair:2   | Identified the +9 trident "Rimeg" {pierce, rPois rF- Str+5 Int-2 Stlth+} (You found it on level 2 of the Lair of Beasts)
 26502 | Lair:3   | Found a staircase to the Swamp.
 26520 | Lair:3   | Received a gift from Okawaru
 26654 | Lair:3   | Noticed Nergalle
 26663 | Lair:3   | Killed Nergalle
 26701 | Lair:3   | Got a heavily runed hat
 26712 | Lair:3   | Identified the +0 hat of Dyspraxia {+Inv} (You acquired it on level 3 of the Lair of Beasts)
 27187 | Lair:4   | Reached skill level 17 in Long Blades
 27195 | Lair:4   | Reached skill level 15 in Armour
 28189 | Lair:5   | HP: 5/136 [death yak (17)]
 29262 | Lair:6   | Found a hole to the Spider Nest.
 30231 | Lair:7   | Received a gift from Okawaru
 30802 | Lair:7   | HP: 6/138 [swamp dragon (5)]
 30802 | Lair:7   | HP: 1/138 [swamp dragon (5)]
 30811 | Lair:7   | Reached skill level 18 in Long Blades
 31492 | Lair:8   | Entered Level 8 of the Lair of Beasts
 31571 | Lair:8   | Slain by a death yak

Action                   |  1- 3 |  4- 6 |  7- 9 | 10-12 | 13-15 || total
-------------------------+-------+-------+-------+-------+-------++-------
Melee: Long sword        |   103 |   143 |   515 |    46 |       ||   807
       Falchion          |       |       |       |   370 |       ||   370
       Scimitar          |       |       |       |   220 |  1200 ||  1420
       Whip              |       |       |       |    23 |    16 ||    39
       Triple sword      |       |       |       |       |   381 ||   381
Invok: Heroism           |       |       |       |     2 |     7 ||     9
Evoke: Wand              |       |       |       |       |     1 ||     1
  Use: Scroll            |       |     8 |     9 |    12 |    19 ||    48
       Potion            |       |     1 |       |     1 |     7 ||     9
 Stab: Fleeing           |       |       |       |       |     2 ||     2
  Eat: Chunk             |     2 |     5 |     9 |    16 |    58 ||    90
       Beef jerky        |       |     1 |       |     1 |     1 ||     3
       Fruit             |       |       |     1 |     3 |       ||     4
       Bread ration      |       |       |     1 |       |       ||     1
       Pizza             |       |       |     1 |       |     6 ||     7
       Meat ration       |       |       |     1 |       |       ||     1
